 Dungeon Sprint DCSS version 0.30-a0-57-g8b159a9891 (webtiles) character file.

Game seed: 6338286324462039628

3028 Conn the Arsonist (level 9, -6/51 HPs)
             Began as an Octopode Fire Elementalist on Sept 11, 2022.
             Was a High Priest of Sif Muna.
             Shot with a bolt by a yaktaur captain (45 damage)
             ... in the Dungeon (Sprint II: "The Violet Keep of Menkaure").
             The game lasted 00:23:08 (762 turns).

Conn the Arsonist (Octopode Fire Elementalist)       Turns: 762, Time: 00:23:09

Health: -6/51      AC:  1    Str:  7    XL:     9   Next: 85%
Magic:  11/22      EV: 15    Int: 21    God:    Sif Muna [*****.]
Gold:   3          SH:  5    Dex: 13    Spells: 3/27 levels left

rFire   . . .      SeeInvis .      - Unarmed
rCold   . . .      Faith    .    (no shield)
rNeg    . . .      Spirit   .    (helmet restricted)
rPois   .          Reflect  +    g - amulet of reflection
rElec   .          Harm     .    (no ring)
rCorr   .          Rampage  .    (no ring)
Will    .....      NoTele   +    (no ring)
Stlth   +++++.....               (no ring)
HPRegen 0.17/turn                (no ring)
MPRegen 0.18/turn                (no ring)
                                 (no ring)
                                 (no ring)

@: slowed, very slow
A: almost no armour, amphibious, 8 rings, camouflage 1, gelatinous body 1,
nimble swimmer 1, tentacles
a: Renounce Religion, Channel Magic, Forget Spell, Divine Exegesis


You were in the Dungeon.
You worshipped Sif Muna.
Sif Muna was extremely pleased with you.
You visited 1 branch You collected 1112 gold pieces.
You spent 1109 gold pieces at shops.

Inventory:

Hand Weapons
 r - the +6 war axe "Cehaligh" {vorpal, Contam rElec Stlth+}
   (You bought it in a shop in the Dungeon)

   It inflicts extra damage upon your enemies.
   rElec:     It insulates you from electricity.
   Contam:    It causes magical contamination when unequipped.
   Stlth:     It makes you more stealthy.
Jewellery
 g - an amulet of reflection (around mantle)
Scrolls
 d - a scroll of amnesia
 f - 2 scrolls of blinking
 i - a scroll of fog
 l - 2 scrolls of magic mapping
 p - a scroll of vulnerability
Potions
 a - 4 potions of magic
 b - 2 potions of curing
 c - 2 potions of heal wounds
 k - 2 potions of flight
 m - 2 potions of lignification
 n - 3 potions of resistance
 o - a potion of might


   Skills:
 + Level 0.1 Fighting
 + Level 6.1 Dodging
 - Level 6.0 Stealth
 - Level 7.0 Unarmed Combat
 + Level 9.6 Spellcasting
 * Level 10.2 Conjurations
 + Level 1.9 Hexes
 + Level 13.4 Fire Magic
 * Level 1.1 Ice Magic
 * Level 1.1 Air Magic
 * Level 4.2 Invocations


You had 3 spell levels left.
You knew the following spells:

 Your Spells              Type           Power      Damage    Failure   Level
a - Foxfire               Conj/Fire      100%       2x1d9     1%          1
b - Conjure Flame         Conj/Fire      56%        6-21      1%          3
c - Inner Flame           Hex/Fire       42%        N/A       1%          3
d - Flame Wave            Conj/Fire      56%        2d13      1%          4
e - Scorch                Fire           100%       2d10      1%          2
f - Mephitic Cloud        Conj/Pois/Air  25%        N/A       4%          3
g - Ignite Poison         Fire/Tmut/Pois 28%        N/A       3%          3
h - Freezing Cloud        Conj/Ice/Air   13%        6-21      34%         5

Your spell library contained the following spells:

 Spells                   Type           Power      Damage    Failure   Level


Dungeon Overview and Level Annotations

Branches:
Dungeon (1/1)

Altars:
Cheibriados
Dithmenos
Elyvilon
Fedhas
Gozag
Hepliaklqana
Kikubaaqudgha
Makhleb
Nemelex Xobeh
Okawaru
Qazlal
Ru
Sif Muna
Trog
Uskayaw
Vehumet
Wu Jian
Xom
Yredelemnul
Zin
The Shining One
Jiyva
Lugonu

Shops:
D :=[::?(=(([**!!

Annotations:
D exclusion: oklob plant, Kirke, Roxanne


Innate Abilities, Weirdness & Mutations

You cannot wear most types of armour.
You are amphibious.
You can wear up to eight rings at the same time.
Your skin changes colour to match your surroundings (Stealth+).
Your rubbery body absorbs attacks. (AC +1, EV +1)
You are camouflaged when in or above water. (Stealth+)
You have tentacles for arms and can constrict up to eight enemies at once.


Message History

Unknown command.
Casting: Mephitic Cloud (dangerous; 4% risk of failure)
Confirm with . or Enter, or press ? or * to list all spells.
Okay, then.
Unknown command.
Unknown command.
Okay, then.
Unknown command.
Unknown command.
Okay, then.
Casting: Mephitic Cloud (dangerous; 4% risk of failure)
Confirm with . or Enter, or press ? or * to list all spells.
Aiming: Inner Flame (safe; 1% risk of failure)
Press: ? - help, Dir - move target, f - centaur warrior
Aim: a centaur warrior, wielding a +0 longbow (lightly wounded, confused, chance to affect: 80%)
The centaur warrior is filled with an inner flame.
Your giant cockroach splashes around in the water.
The elephant is engulfed in noxious fumes.
The centaur warrior ponders the situation.
Your giant cockroach bites Kirke.
The elephant is engulfed in noxious fumes.
The elephant appears confused.
Casting: Inner Flame (safe; 1% risk of failure)
Confirm with . or Enter, or press ? or * to list all spells.
Aiming: Inner Flame (safe; 1% risk of failure)
Press: ? - help, Dir - move target, f - Kirke, p - centaur warrior
Aim: Kirke (lightly wounded, confused, ally target, chance to affect: 30%) Kirke easily resists.
The centaur warrior is engulfed in noxious fumes.
The centaur warrior appears confused.
The centaur warrior unwields a +0 longbow.
The centaur warrior hits itself but does no damage.
The centaur warrior barely misses itself.
Kirke splashes around in the water.
Your giant cockroach splashes around in the water.
The elephant is engulfed in noxious fumes.
The elephant appears confused.
The yaktaur captain shoots a bolt.
The bolt hits you!!!
Ouch! That really hurt!
You die...

####+#### ##≈≈≈≈≈≈○##
##≈≈≈≈○≈≈≈≈## ##
+≈≈≈≈≈8≈○≈≈≈# .c####≈≈≈≈≈°≈≈≈
c..~## ≈≈≈≈≈
############)~#+++#+++##
###########~~~○c.......#
##.....∩.∩#~@○☼Y##+##c.#
##....∩.∩.#~~~@###.###.####
##...∩.∩..#z~B~#..#..#....#
##..∩.∩...#~c####.#.####..##
##.⌠.∩....#~##.###'###.##..#
##..∩.....#~##..##.##...#..#
##...∩.∩..'~'##.g.<.'##.+..##
##....∩.∩.#~#.#.##.##...#....
#▓▓▓▓▓▓▓###~##.###'###.##...§


You could see Kirke (confused, ally target), a yaktaur captain, an elephant
(confused), a skeletal warrior (inner flame), a centaur warrior (inner flame,
confused) and a friendly giant cockroach (summoned).

Vanquished Creatures
  A kobold demonologist (D)
  A yaktaur (D)
  3 polar bears (D)
  A hornet (D)
  2 wyverns (D)
  Menkaure (D)
  4 neqoxecs (D)
  3 water moccasins (D)
  A swamp drake (D)
  4 necrophages (D)
  4 scorpions (D)
  A hell rat (D)
26 creatures vanquished.

Vanquished Creatures (others)
  A water moccasin (D)
  45 foxfires (D)
  8 tentacles (D)
54 creatures vanquished.

Grand Total: 80 creatures vanquished

Notes
Turn   | Place    | Note
-------+----------+-------------------------------------------
     0 | D        | Conn the Octopode Fire Elementalist began the quest for the
                  | Orb.
     0 | D        | Reached XP level 1. HP: 11/11 MP: 3/3
     1 | D        | Noticed a neqoxec
     1 | D        | Noticed a neqoxec
     1 | D        | Noticed a neqoxec
     1 | D        | Noticed a neqoxec
     6 | D        | Killed a neqoxec
     7 | D        | Reached skill level 6 in Fire Magic
     7 | D        | Reached XP level 2. HP: 17/17 MP: 3/6
     7 | D        | Reached XP level 3. HP: 21/21 MP: 4/8
     7 | D        | Reached XP level 4. HP: 27/27 MP: 4/9
     7 | D        | Reached XP level 5. HP: 31/31 MP: 4/10
    11 | D        | Killed a neqoxec
    12 | D        | Reached skill level 5 in Conjurations
    12 | D        | Reached skill level 8 in Fire Magic
    12 | D        | Reached XP level 6. HP: 36/36 MP: 4/12
    17 | D        | Killed a neqoxec
    18 | D        | Reached skill level 5 in Stealth
    18 | D        | Reached skill level 5 in Unarmed Combat
    18 | D        | Reached skill level 9 in Fire Magic
    23 | D        | Killed a neqoxec
    24 | D        | Reached skill level 5 in Spellcasting
    24 | D        | Reached XP level 7. HP: 21/41 MP: 5/14
    37 | D        | Learned a level 2 spell: Scorch
    41 | D        | Learned a level 3 spell: Conjure Flame
    45 | D        | Learned a level 3 spell: Inner Flame
    50 | D        | Learned a level 4 spell: Flame Wave
    61 | D        | Reached skill level 5 in Dodging
    61 | D        | Reached skill level 10 in Fire Magic
    89 | D        | Noticed Menkaure
    91 | D        | Found a glowing silver altar of Zin.
    92 | D        | Found a glowing golden altar of the Shining One.
    92 | D        | Found a basalt altar of Yredelemnul.
    92 | D        | Found a hide-covered altar of Uskayaw.
    92 | D        | Found a radiant altar of Vehumet.
    93 | D        | Found a shimmering altar of Xom.
    93 | D        | Found a bloodstained altar of Trog.
    93 | D        | Found a burning altar of Makhleb.
    94 | D        | Found an ornate altar of the Wu Jian Council.
    94 | D        | Found a shimmering blue altar of Sif Muna.
    94 | D        | Found a corrupted altar of Lugonu.
    95 | D        | Found a sacrificial altar of Ru.
    95 | D        | Found an ancient bone altar of Kikubaaqudgha.
    95 | D        | Found a white marble altar of Elyvilon.
    96 | D        | Found a stormy altar of Qazlal.
    96 | D        | Found a viscous altar of Jiyva.
    96 | D        | Found a shadowy altar of Dithmenos.
    97 | D        | Found a hazy altar of Hepliaklqana.
    97 | D        | Found a snail-covered altar of Cheibriados.
    99 | D        | Found a sparkling altar of Nemelex Xobeh.
    99 | D        | Found a blossoming altar of Fedhas.
   100 | D        | Found an opulent altar of Gozag.
   100 | D        | Found an iron altar of Okawaru.
   103 | D        | Became a worshipper of Sif Muna the Loreminder
   113 | D        | Killed Menkaure
   123 | D        | Noticed a kraken
   141 | D        | Found the +3 robe of Clouds {*Thunder rCloud rElec}
   310 | D        | Reached skill level 11 in Fire Magic
   310 | D        | Reached XP level 8. HP: 46/46 MP: 9/17
   311 | D        | Reached * piety under Sif Muna
   339 | D        | Noticed a yaktaur
   339 | D        | Noticed a hornet
   339 | D        | Noticed a polar bear
   362 | D        | Found Usoan's Jewellery Shoppe.
   362 | D        | Found Wossub's Antique Armour Shoppe.
   362 | D        | Found Cofeos's Assorted Antiques.
   362 | D        | Found Buyr's Weapon Emporium.
   362 | D        | Found Qaguytwa's Distillery.
   362 | D        | Found Migur's Antique Weapon Emporium.
   363 | D        | Found Hutux's Distillery.
   363 | D        | Found Wis Ygi's Antique Weapon Shoppe.
   363 | D        | Found Ylihous's Book Shoppe.
   363 | D        | Found Ymahostai's Book Emporium.
   364 | D        | Found Zyblif's Antique Armour Shoppe.
   364 | D        | Found Rukhiaf's Jewellery Emporium.
   365 | D        | Found Uciloana's General Store.
   365 | D        | Found Goecha Liub's Magic Scroll Emporium.
   383 | D        | Noticed an oklob plant
   384 | D        | Found Anwuff's Book Shoppe.
   404 | D        | Bought a polished war axe for 255 gold pieces
   404 | D        | Identified the +6 war axe "Cehaligh" {vorpal, Contam rElec
                  | Stlth+} (You bought it in a shop in the Dungeon)
   427 | D        | Reached ** piety under Sif Muna
   467 | D        | Noticed a wyvern
   467 | D        | Noticed a wyvern
   500 | D        | Killed a wyvern
   500 | D        | Reached *** piety under Sif Muna
   501 | D        | Reached skill level 12 in Fire Magic
   534 | D        | Noticed an ice statue
   563 | D        | Noticed a polar bear
   570 | D        | Killed a polar bear
   571 | D        | Reached skill level 1 in Hexes
   571 | D        | Reached XP level 9. HP: 51/51 MP: 8/21
   575 | D        | Killed a polar bear
   578 | D        | Noticed a polar bear
   579 | D        | Killed a hornet
   580 | D        | Reached skill level 1 in Invocations
   582 | D        | Killed a yaktaur
   582 | D        | Reached **** piety under Sif Muna
   583 | D        | Reached skill level 13 in Fire Magic
   583 | D        | Killed a polar bear
   585 | D        | Reached skill level 10 in Conjurations
   593 | D        | Noticed a death drake
   636 | D        | Identified Roxanne's Anthology of Shapeshifting
   636 | D        | Noticed Roxanne
   662 | D        | Bought an amulet of reflection for 330 gold pieces
   671 | D        | Bought a Trismegistus Codex for 392 gold pieces
   676 | D        | Learned a level 3 spell: Mephitic Cloud
   680 | D        | Learned a level 3 spell: Ignite Poison
   686 | D        | Learned a level 5 spell: Freezing Cloud
   691 | D        | Bought a potion of heal wounds for 70 gold pieces
   691 | D        | Bought a potion of lignification for 42 gold pieces
   694 | D        | Bought a scroll labelled ITUARA CION for 20 gold pieces
   707 | D        | Noticed a centaur warrior
   707 | D        | Noticed Kirke
   707 | D        | Noticed a kobold demonologist
   711 | D        | Noticed a skeletal warrior
   714 | D        | Killed a kobold demonologist
   714 | D        | Reached ***** piety under Sif Muna
   714 | D        | Noticed an elephant
   715 | D        | Reached skill level 1 in Ice Magic
   715 | D        | Reached skill level 1 in Air Magic
   715 | D        | Noticed a yaktaur captain
   762 | D        | Shot with a bolt by a yaktaur captain

Illustrated notes

Levels and vault maps discovered:
D:        the_violet_keep_of_menkaure [sprint2_stairs_cluster_1,
          sprint2_shoproom, sprint2_temple, sprint2_basic_supplies,
          sprint2_obstacle_6, sprint2_obstacle_5, sprint2_obstacle_2,
          sprint2_obstacle_3, sprint2_obstacle_4, sprint2_timed_cluster_1,
          sprint2_smallroom_cluster_1, sprint2_smallroom_final_cluster_1,
          sprint2_transparent_cluster_1, sprint2_second_timed_cluster_1,
          sprint2_sniper_area_1, sprint2_heavy_combat_area_1,
          sprint2_mutation_trap_area_1, sprint2_forest_area_1,
          sprint2_light_combat_area_1, sprint2_behind_water_1,
          sprint2_near_end_vault_1]

Skill      XL: |  1  2  3  4  5  6  7  8  9 |
---------------+----------------------------+-----
Dodging        | 3 4 5 6 |  6.1
Stealth        | 4 5 6 |  6.0
Unarmed Combat | 3 4 6 7 |  7.0
Spellcasting   | 3 4 5 6 8 9 |  9.6
Conjurations   | 3 5 6 7 8 10 | 10.2
Fire Magic     | 6 8 9 11 12 13 | 13.4
Hexes          | 1 |  1.9
Invocations    | 4 |  4.2
Ice Magic      | 1 |  1.1
Air Magic      | 1 |  1.1
Fighting       | |  0.1

Action                   |  1- 3 |  4- 6 |  7- 9 || total
-------------------------+-------+-------+-------++-------
Melee: Unarmed           |     3 |    14 |    18 ||    35
       Tentacles         |     3 |     2 |     4 ||     9
       Constrict         |     1 |     3 |     3 ||     7
       Punch             |       |     1 |     2 ||     3
Throw: Throwing net      |       |       |     1 ||     1
 Cast: Foxfire           |       |       |    26 ||    26
       Scorch            |       |       |    18 ||    18
       Inner Flame       |       |       |     9 ||     9
       Conjure Flame     |       |       |     5 ||     5
       Flame Wave        |       |       |     3 ||     3
       Mephitic Cloud    |       |       |     4 ||     4
  Use: Potion            |     2 |       |     9 ||    11
       Scroll            |       |       |     8 ||     8
Armor: Skin              |       |       |     6 ||     6
Dodge: Dodged            |     1 |     2 |    19 ||    22
Block: Other             |       |       |     1 ||     1

Table legend: (Time is in decaauts)
 A = Elapsed time spent in this place.
 B = Non-inter-level travel time spent in this place.
 C = Inter-level travel time spent in this place.
 D = Time resting spent in this place.
 E = Time spent auto-exploring this place.
 F = Levels seen in this place.
 G = Mean time per level.
                   A        B        C        D        E       F      G
               +--------+--------+--------+--------+--------+-----+--------+
         Total |    761 |    761 |      0 |     55 |      0 |   1 |  761.0 |
       Dungeon |    761 |    761 |      0 |     55 |      0 |   1 |  761.0 |
               +--------+--------+--------+--------+--------+-----+--------+

Top non-repeatable levels by time:
       D: 761 daAuts
